 Dungeon Crawl Stone Soup version 0.27-a0-170-g607d9e9d85 (webtiles) character file.

Game seed: 10086984635497573780

44 hatsuma the Grave Robber (level 3, -3/19 HPs)
             Began as a Deep Elf Necromancer on Jan 28, 2021.
             Was an Initiate of Ashenzari.
             Killed from afar by a white imp (8 damage)
             ... with a puff of frost
             ... on level 2 of the Dungeon.
             The game lasted 00:19:10 (1803 turns).

hatsuma the Grave Robber (Deep Elf Necromancer)     Turns: 1803, Time: 00:19:12

Health: -3/19      AC:  3    Str:  5    XL:     3   Next: 41%
Magic:  6/10       EV: 13    Int: 20    God:    Ashenzari [......]
Gold:   72         SH:  0    Dex: 15    Spells: 4/9 levels left

rFire    . . .     SeeInvis .   f - +0 dagger
rCold    . . .     Faith    .   (no shield)
rNeg     . . .     Spirit   .   a - +0 robe
rPois    .         Reflect  .   (no helmet)
rElec    .         Harm     .   (no cloak)
rCorr    .         Rampage  .   g - +0 pair of gloves
Will     .....                  (no boots)
Stlth    +++.......             b - amulet of regeneration
HPRegen  0.46/turn              o - ring of stealth
MPRegen  0.12/turn              (no ring)

@: no status effects
A: no striking features
a: Renounce Religion, Curse Item


You were on level 2 of the Dungeon.
You worshipped Ashenzari.
Ashenzari was noncommittal.
You visited 1 branch of the dungeon, and saw 2 of its levels.

You collected 72 gold pieces.

Inventory:

Hand Weapons
 f - a +0 dagger (weapon)
Missiles
 d - 32 arrows
 p - a throwing net
 r - 13 poisoned darts
Armour
 a - a +0 robe (worn)
 g - a +0 pair of gloves (worn)
Jewellery
 b - an amulet of regeneration (around neck)
 o - a ring of stealth (left hand)
Scrolls
 c - 2 scrolls of identify {unknown}
 i - a scroll of teleportation {unknown}
 l - a scroll of fear {unknown}
 q - a scroll of enchant weapon {unknown}
Potions
 e - 2 potions of mutation {unknown}
 h - a potion of degeneration {unknown}
 j - a potion of magic {unknown}
 k - a potion of haste {unknown}
 m - 2 potions of heal wounds {unknown}
 n - 2 potions of flight {unknown}


   Skills:
 - Level 2.4 Dodging
 - Level 2.4 Stealth
 + Level 3.5 Spellcasting
 - Level 6.0 Necromancy


You had 4 spell levels left.
You knew the following spells:

 Your Spells              Type           Power        Failure   Level
a - Pain                  Necr           100%         1%          1
b - Animate Skeleton      Necr           54%          1%          1
c - Vampiric Draining     Necr           13%          3%          3

Your spell library contained the following spells:

 Spells                   Type           Power        Failure   Level
 Animate Dead             Necr           13%          11%         4
 Agony                    Necr           27%          30%         5


Dungeon Overview and Level Annotations

Branches:
Dungeon (2/15)

Altars:
Ashenzari

Annotations:
D:2 1 runed translucent door, Crazy Yiuf


Message History

You hit the white imp.
The white imp is moderately wounded.
Your bat skeleton hits the white imp but does no damage.
Your bat skeleton closely misses the white imp.
Your bat skeleton hits the white imp but does no damage.
Your rat skeleton closely misses the white imp.
The white imp misses you.
You closely miss the white imp.
The white imp is moderately wounded.
Your bat skeleton hits the white imp but does no damage. x3
Your rat skeleton bites the white imp but does no damage.
The white imp closely misses you.
You hit the white imp but do no damage.
The white imp is moderately wounded.
Your bat skeleton hits the white imp.
Your bat skeleton misses the white imp.
Your bat skeleton hits the white imp but does no damage.
Your rat skeleton barely misses the white imp.
The white imp gestures at you. The puff of frost hits you!
You die...

≈#
##............####....##
≈####.............#
#....#
≈≈....#..[.......##
♣....♣
≈≈#######.##....##
♣♣...♣ ≈≈# ###.#####.###
♣♣.♣♣ ≈≈.. #...# #...#
♣♣.♣ ≈≈ #.##.###########
♣.♣♣ ≈≈ #....###....Z###
♣♣.♣ ≈ #..........Z5@.#
♣.♣♣ ≈#............###
#+# ≈≈...............#
... ≈≈≈##.#####...#...#
#...# ≈≈≈ #. .........#
#)g.# ≈≈ .. ###.#######
##### ##. #.# ..# .##


You could see a white imp, a friendly bat skeleton and a friendly rat skeleton.

Vanquished Creatures
  A worm (D:2)
  3 dart slugs (D:1)
  A leopard gecko (D:1)
  2 giant cockroaches
  3 goblins
  4 hobgoblins
  2 kobolds (D:1)
  A quokka (D:2)
  A ball python (D:1)
  7 bats
  A frilled lizard (D:1)
  7 rats
33 creatures vanquished.

Vanquished Creatures (collateral kills)
  A giant cockroach (D:1)
  A kobold (D:1)
2 creatures vanquished.

Grand Total: 35 creatures vanquished

Notes
Turn   | Place    | Note
-------+----------+-------------------------------------------
     0 | D:1      | hatsuma the Deep Elf Necromancer began the quest for the
                  | Orb.
     0 | D:1      | Reached XP level 1. HP: 10/10 MP: 6/6
     2 | D:1      | Learned a level 1 spell: Animate Skeleton
     3 | D:1      | Noticed a spriggan
     3 | D:1      | Noticed a formicid
     5 | D:1      | Noticed a merfolk zombie
    10 | D:1      | Noticed a spriggan
    14 | D:1      | Noticed a merfolk zombie
    16 | D:1      | Noticed a dwarf
    16 | D:1      | Noticed an elf
    20 | D:1      | Noticed a draconian
    22 | D:1      | Noticed a vine stalker
   102 | D:1      | You fall into a shaft and drop 1 floor!
   276 | D:2      | Reached skill level 5 in Necromancy
   397 | D:1      | Reached XP level 2. HP: 13/15 MP: 2/8
   667 | D:1      | Found a broken altar of Ashenzari.
   977 | D:1      | Reached skill level 6 in Necromancy
  1145 | D:1      | Reached XP level 3. HP: 19/19 MP: 7/9
  1147 | D:1      | Became a worshipper of Ashenzari the Shackled
  1294 | D:1      | Learned a level 3 spell: Vampiric Draining
  1545 | D:2      | Found a runed translucent door.
  1546 | D:2      | Noticed Crazy Yiuf
  1803 | D:2      | Killed from afar by a white imp

Illustrated notes

Levels and vault maps discovered:
D:1:      shiori_arrival_whats_in_store_for_you, layout_loops_ring,
          nicolae_ashenzari_panopticon
D:2:      wander_river, layout_rooms, uniq_crazy_yiuf_cottage

Skill      XL: |  1  2 |
---------------+-------+-----
Necromancy     | 5 6 |  6.0
Dodging        | |  2.4
Stealth        | |  2.4
Spellcasting   | |  3.5

Action                   || total
-------------------------++-------
Melee: Unarmed           ||     1
       Dagger            ||    31
 Cast: Pain              ||    39
       Animate Skeleton  ||    14
       Vampiric Draining ||     3
 Stab: Sleeping          ||     4
Armor: Robe              ||     8
Dodge: Dodged            ||    35

Table legend: (Time is in decaauts)
 A = Elapsed time spent in this place.
 B = Non-inter-level travel time spent in this place.
 C = Inter-level travel time spent in this place.
 D = Time resting spent in this place.
 E = Time spent auto-exploring this place.
 F = Levels seen in this place.
 G = Mean time per level.
                   A        B        C        D        E       F      G
               +--------+--------+--------+--------+--------+-----+--------+
         Total |   1802 |   1776 |     26 |    710 |     92 |   2 |  901.0 |
       Dungeon |   1802 |   1776 |     26 |    710 |     92 |   2 |  901.0 |
               +--------+--------+--------+--------+--------+-----+--------+

Top non-repeatable levels by time:
     D:1: 1158 daAuts
     D:2: 644 daAuts
